[Event "Early-Titled-Tuesday-Blitz-April-16-2024"]
[Site "Chess.com"]
[Date "2024.04.16"]
[Round "8"]
[White "IndianSchoolOfSuffering"]
[Black "Vse_po_kaify"]
[Result "1-0"]
[WhiteElo "2442"]
[BlackElo "2589"]
[TimeControl "180+1"]
[EndTime "9:32:33 PDT"]
[Termination "IndianSchoolOfSuffering won by resignation"]

1. Nf3 c5 2. c4 Nc6 3. g3 e5 4. Bg2 g6 5. Nc3 Bg7 6. d3 Nge7 7. Nd2 d6 8. Nf1 O-O 9. Ne3 f5 10. Ned5 h6 11. O-O Be6 12. Rb1 Rb8 13. a3 g5 14.
f4 gxf4 15. gxf4 Kh7 16. Kh1 Ng6 17. b4 exf4 18. Bxf4 Bxc3 19. Nxc3 Nxf4 20. Rxf4 Ne5 21.
bxc5 dxc5 22. Qg1 Rg8 23. Rbf1 Qg5 24. h3 Ng6 25. R4f2 Nh4 26. Qh2 Bd7 27. Bd5 Qe3 28. Bxg8+ Rxg8 29. Nd5 Bc6 30. Qc7+ Rg7 31. Qh2 b5 32.
Rg1 Rxg1+ 33. Kxg1 Qg5+ 34. Kh1 bxc4 35. Qc7+ Kh8 36.
Qxc6 Qg3 37. Qf6+ Kh7 38. Qe7+ Kh8 39. Qd8+ Kh7 40. Qc7+ Qxc7 41. Nxc7 c3 42. Rf1 Ng6 43. Rc1 Nf4 44. e3 Ne2 45. Rc2 Ng3+ 46. Kg2 f4 47. exf4 Nf5 48. Rxc3 Ne3+ 49. Kf3 Nd1 50. Rxc5 Kg6 51.
Nd5 Kf7 52. Ne3 Nb2 53. Rc7+ Ke6 54. Rxa7 h5 55. Ra6+ Ke7 56. Ke4 h4 57. f5 Kd7 58.
d4 Kc7 59. Rh6 Na4 60. Rxh4 Nb6 61. Ke5 Nd7+ 62. Kf4 Nf6 63. Rh6 Ng8 64. Rg6 Ne7 65.
Rg7 1-0

[Event "Early-Titled-Tuesday-Blitz-April-16-2024"]
[Site "Chess.com"]
[Date "2024.04.16"]
[Round "8"]
[White "AryanTari"]
[Black "Squirlolz"]
[Result "1-0"]
[WhiteElo "2914"]
[BlackElo "2579"]
[TimeControl "180+1"]
[EndTime "9:32:34 PDT"]
[Termination "AryanTari won on time"]

1. a3 g6 2. h4 Bg7 3. h5 d5 4.
d4 c6 5. Nf3 Bg4 6. h6 Bf6 7.
Bf4 Bxf3 8. exf3 Nd7 9. c3 e6 10. g4 Bg5 11. Qd2 Bxf4 12. Qxf4 g5 13. Qe3 Qf6 14.
Rh5 Nxh6 15. Rxg5 O-O-O 16. Rh5 Ng8 17. Bd3 Qg7 18. Nd2 Ngf6 19. Rh6 e5 20. O-O-O Rde8 21. Rdh1 e4 22. Bc2 exf3 23. Qxf3 Nxg4 24. Rxh7 Rxh7 25.
Bxh7 Nh6 26. Bd3 f6 27. Kc2 Nf7 28. Rh7 Qf8 29. Bf5 Re7 30. Qh3 Ng5 31. Bxd7+ Kd8 32.
Rh8 Nxh3 33. Rxf8+ Kxd7 34. Rxf6 Re2 35. f3 Ng5 36.
Kd3 Re7 37. b4 b5 38. Nb3 Ne6 39. f4 Rh7 40. Nc5+ Nxc5+ 41. bxc5 Rh3+ 42. Kc2 Rh2+ 43. Kb3 Rf2 44. Rf7+ Kd8 45. f5 a5 46. a4 bxa4+ 47.
Kxa4 Ra2+ 48. Kb3 Rf2 49. Rf6 Kd7 50. Rd6+ Kc7 51. f6 Rf3 52. Re6 Kd7 53. Re7+ Kd8 54.
Re6 Kd7 55. Rd6+ Kc7 56. Kc2 a4 57. Re6 Kd7 58. Re7+ Kd8 59. Rf7 Ke8 60. Ra7 Rxf6 61. Rxa4 Rf3 62. Ra7 Kd8 63. Kb3 Kc8 64. Kb4 Re3 65.
Ka5 Kb8 66. Kb6 Rxc3 67. Rh7 Rb3+ 68. Kxc6 1-0

[Event "Early-Titled-Tuesday-Blitz-April-16-2024"]
[Site "Chess.com"]
[Date "2024.04.16"]
[Round "8"]
[White "SaqoChess_Twitch"]
[Black "temus_galaktionov"]
[Result "1/2-1/2"]
[WhiteElo "2675"]
[BlackElo "2857"]
[TimeControl "180+1"]
[EndTime "9:32:43 PDT"]
[Termination "Game drawn - insufficient material"]

1. d4 c6 2. c4 g6 3. Nc3 d6 4. Nf3 Bg7 5. h3 Nd7 6. Bf4 e5 7. dxe5 dxe5 8. Bh2 Qe7 9. e3 Ngf6 10. Be2 O-O 11.
O-O Re8 12. Qc2 a5 13. Rfd1 h6 14. Qd2 Nh7 15. Qd6 Qxd6 16. Rxd6 Nc5 17. Rad1 f6 18. b3 Bf8 19. Rd8 Be6 20. Rxa8 Rxa8 21. Kf1 Be7 22. Ke1 Nf8 23. Nd2 Nfd7 24. Nde4 Nxe4 25. Nxe4 Nc5 26. Nxc5 Bxc5 27. g4 a4 28. Bd3 axb3 29. axb3 Kf7 30.
Ke2 Ra3 31. Rb1 Ra2+ 32. Kf3 Bb4 33. Bg3 Bc3 34. b4 f5 35. gxf5 gxf5 36. Kg2 e4 37.
Bf1 Rc2 38. c5 Ba2 39. Rd1 Rd2 40. Rxd2 Bxd2 41. b5 Ke6 42. b6 Bb4 43. Ba6 Kd5 44. Bxb7 Kxc5 45. Bc7 Ba5 46. Bc8 Bxb6 47. Bf4 Kd5 48.
Bxf5 c5 49. Bxh6 c4 50. Bg7 Ba5 51. Bh7 Bb1 52. Bg8+ Kc5 53. Bd4+ Kb4 54. h4 c3 55.
h5 c2 56. Bb2 Bd8 57. h6 Bf6 58. Bxf6 c1=Q 59. h7 Bd3 60. h8=Q Qf1+ 61. Kg3 Qg1+ 62.
Kf4 Qxf2+ 63. Ke5 Qxe3 64. Be7+ Ka4 65. Ke6 Bc4+ 66. Kd7 Bxg8 67. Qxg8 Qd3+ 68. Ke8 e3 69. Qg4+ Kb3 70. Qb4+ Kc2 71. Qc5+ Kd1 72. Bg5 Ke2 73. Bxe3 Qxe3+ 74. Qxe3+ Kxe3 1/2-1/2

[Event "Early-Titled-Tuesday-Blitz-April-16-2024"]
[Site "Chess.com"]
[Date "2024.04.16"]
[Round "8"]
[White "Evgeny81"]
[Black "Anton_Demchenko"]
[Result "1-0"]
[WhiteElo "2785"]
[BlackElo "2989"]
[TimeControl "180+1"]
[EndTime "9:32:46 PDT"]
[Termination "Evgeny81 won by resignation"]

1. c4 Nf6 2. Nc3 d6 3. e4 e5 4.
Nf3 Nc6 5. Be2 Bg4 6. d3 g6 7. Be3 Bg7 8. Nd2 Bxe2 9. Qxe2 O-O 10. O-O Nd7 11. Rab1 f5 12. f3 Nd4 13. Qd1 a5 14.
Ne2 Ne6 15. exf5 gxf5 16. f4 Ndc5 17. Nb3 Nxb3 18. Qxb3 Qc8 19. c5 Kh8 20. cxd6 cxd6 21. Rbc1 Qd7 22. Kh1 Rae8 23. Qd5 Nd8 24. Ng3 Nc6 25.
Nh5 Qf7 26. Qf3 Nb4 27. Nxg7 Qxg7 28. Bd2 Nc6 29. Bc3 Qg6 30. Rce1 h5 31. Qd5 Qe6 32. Qf3 Qg6 33. Re3 Re6 34. Qe2 Qg4 35. Qe1 Qg7 36.
Qh4 Rg6 37. Qxh5+ Rh6 38. Qe2 Qh7 39. h3 Qg7 40. fxe5 dxe5 41. Rxe5 Nxe5 42. Bxe5 Rff6 43. Rxf5 Rxf5 44. Bxg7+ Kxg7 45. Qg4+ Kf6 46. Qd4+ Kg5 47. Kh2 Rhf6 48. Qg4+ Kh6 49. Qg8 b6 50. Qh8+ Kg6 51.
Qg8+ Kh6 52. Qc4 Kg7 53. a4 Rf7 54. b3 R5f6 55. Qd4 Kf8 56. Qe5 Rc6 57. h4 Rcf6 58.
g3 Rf2+ 59. Kh3 R2f3 60. Qh8+ Ke7 61. Qe5+ Kd7 62. Qd5+ Kc7 63. h5 R3f5 64. Qc4+ Kd6 65. g4 Rf3+ 66. Kh4 R7f4 67. Qg8 Rxd3 68. Qd8+ Ke5 69.
Qxd3 Rd4 70. Qxd4+ Kxd4 71. h6 1-0

[Event "Early-Titled-Tuesday-Blitz-April-16-2024"]
[Site "Chess.com"]
[Date "2024.04.16"]
[Round "8"]
[White "Devil_Sun"]
[Black "becemix"]
[Result "0-1"]
[WhiteElo "2618"]
[BlackElo "2519"]
[TimeControl "180+1"]
[EndTime "9:32:47 PDT"]
[Termination "becemix won by resignation"]

1. d4 Nf6 2. c4 c5 3. d5 e6 4.
Nc3 exd5 5. cxd5 d6 6. e4 g6 7. Nf3 Bg7 8. Nd2 O-O 9. Be2 a6 10. a4 Nbd7 11. O-O Rb8 12. Nc4 Ne8 13. a5 b5 14. axb6 Nxb6 15. Na5 Qc7 16. Nc6 Ra8 17.
Bf4 Bb7 18. Na5 Bc8 19. Nc4 Bd7 20. Qb3 Nxc4 21. Bxc4 Rb8 22. Qc2 Rb4 23. Bxa6 f5 24. Bd2 fxe4 25. Nxe4 Rxb2 26. Qd3 Bf5 27. Bg5 Qb6 28. Bc4 Nc7 29. Rae1 Bd4 30. Be3 Bg7 31. f3 Re8 32. Rf2 Bxe4 33. fxe4 Rxf2 34. Bxf2 Be5 35. Rb1 Qa7 36. Qb3 Na6 37. Qb7 Qxb7 38. Rxb7 Nb4 39. h4 Ra8 40. g4 Ra1+ 41. Kg2 Rc1 42.
Bb5 Rc2 43. Kf3 Rc3+ 44. Ke2 Rc2+ 45. Kf1 c4 46. Ba4 Rc1+ 47. Kg2 Nd3 48. Rb8+ Kf7 49. Rb7+ Kf8 50. Rb8+ Ke7 51. Re8+ Kf7 52. Be3 Re1 53. Bg5 Bf6 54. Re6 Bxg5 55. hxg5 c3 56. Rf6+ Kg7 57.
Re6 Ra1 58. Re7+ Kf8 59. Re8+ Kf7 60. Bd7 c2 0-1

[Event "Early-Titled-Tuesday-Blitz-April-16-2024"]
[Site "Chess.com"]
[Date "2024.04.16"]
[Round "8"]
[White "AsselLesbekova"]
[Black "Smoking_Crow"]
[Result "1/2-1/2"]
[WhiteElo "2439"]
[BlackElo "2679"]
[TimeControl "180+1"]
[EndTime "9:32:50 PDT"]
[Termination "Game drawn - insufficient material"]

1. e4 e5 2. Nf3 Nc6 3. Nc3 Nf6 4. d4 exd4 5. Nxd4 Bb4 6. Nxc6 bxc6 7. Qd4 Qe7 8. f3 d5 9. Bg5 c5 10. Bb5+ Bd7 11.
Bxd7+ Qxd7 12. Qe5+ Qe6 13. Qxe6+ fxe6 14. O-O-O Bxc3 15. bxc3 c6 16. exd5 cxd5 17. Rhe1 Kf7 18. c4 d4 19. c3 Rhd8 20. Kc2 h6 21. Bxf6 gxf6 22. f4 Rac8 23. cxd4 cxd4 24. Kd3 Rc5 25. Rb1 Rd7 26. Rb5 Rc6 27. Re4 Rcd6 28. g4 Ra6 29. Rxd4 Rc7 30. Rb2 Ra3+ 31. Kc2 Rh3 32. Kb1 Rf3 33. a4 Kg6 34.
Ka2 Rc3 35. Re2 R3xc4 36. Rxc4 Rxc4 37. Kb3 Rxf4 38. Rxe6 Rxg4 39. Ra6 Rh4 40. Rxa7 Rxh2 41. a5 Rh1 42. Kb2 Rh2+ 43. Kb3 Rh1 44. Kb2 Rh5 45.
Kb3 Re5 46. Kb4 h5 47. Rc7 Re1 48. Rc3 Kg5 49. a6 Re8 50. Kb5 f5 51. a7 f4 52. Rc7 f3 53. Rg7+ Kf4 54. Rf7+ Kg3 55. Rg7+ Kh3 56. Rf7 Kg2 57. Rg7+ Kf1 58. Rh7 Ra8 59. Kb6 f2 60. Rxh5 Rf8 61. Kb7 Kg2 62. Rg5+ Kh2 63. Rh5+ Kg2 64. Rg5+ Kh3 65. Rh5+ Kg3 66.
Rh1 Kg2 67. Ra1 Rf7+ 68. Kb8 Rf8+ 69. Kb7 f1=Q 70. Rxf1 Kxf1 71. a8=Q Rxa8 72. Kxa8 1/2-1/2

[Event "Early-Titled-Tuesday-Blitz-April-16-2024"]
[Site "Chess.com"]
[Date "2024.04.16"]
[Round "8"]
[White "XDPS"]
[Black "bazar-wokzal"]
[Result "0-1"]
[WhiteElo "2828"]
[BlackElo "2594"]
[TimeControl "180+1"]
[EndTime "9:32:50 PDT"]
[Termination "bazar-wokzal won on time"]

1. e4 Nc6 2. Bc4 Nf6 3. d3 d5 4. exd5 Nxd5 5. Nf3 Bg4 6. h3 Bh5 7. Nbd2 e6 8. O-O Be7 9. Re1 O-O 10. a3 a6 11. Ba2 Qd7 12. Ne5 Nxe5 13. Qxh5 Ng6 14.
Nf1 Rad8 15. Qf3 c6 16. Bd2 Bd6 17. g3 Qe7 18. Rad1 Qf6 19. Qxf6 Nxf6 20. Kg2 Be5 21. Bc1 Bd4 22. Ne3 Bxe3 23. fxe3 b5 24. e4 h6 25. Be3 Nd7 26. Kf3 c5 27. Ke2 Rc8 28. c3 Nf6 29.
Bb1 Rfd8 30. Rf1 Ne5 31. Bf4 Nfd7 32. Bc1 Rc6 33. Ba2 Rdc8 34. Rf2 c4 35. d4 Nd3 36.
Rxd3 cxd3+ 37. Kxd3 a5 38. Bd2 Nb6 39. Be1 Nc4 40. Bb3 a4 41. Bd1 Rd6 42. Bh5 g6 43.
Bd1 f5 44. exf5 exf5 45. Re2 Kf7 46. b3 axb3 47. Bxb3 Re6 48. Rxe6 Kxe6 49. a4 Kd6 50.
axb5 Nb2+ 51. Kc2 Nc4 52. Bxc4 Rxc4 53. Kd3 Kd5 54. Bd2 g5 55. Bc1 Rc8 56. Bd2 Rc7 57.
Be3 Rc8 58. Bc1 Rc7 59. h4 f4 60. hxg5 fxg3 61. gxh6 g2 62. Be3 Re7 63. c4+ Kd6 64.
Bf2 Rf7 65. Be3 Rf3 66. h7 Rxe3+ 67. Kxe3 g1=Q+ 68. Kd3 Qf1+ 69. Kc3 Qh3+ 70. Kb4 Qxh7 71. b6 Kc6 0-1

[Event "Early-Titled-Tuesday-Blitz-April-16-2024"]
[Site "Chess.com"]
[Date "2024.04.16"]
[Round "8"]
[White "NasirAkylbekov"]
[Black "Acva-Alenok"]
[Result "1-0"]
[WhiteElo "2505"]
[BlackElo "2318"]
[TimeControl "180+1"]
[EndTime "9:33:01 PDT"]
[Termination "NasirAkylbekov won on time"]

1. e4 c6 2. d4 d5 3. exd5 cxd5 4.
c4 Nf6 5. Nc3 g6 6. Nf3 Bg7 7. Bf4 O-O 8. c5 Ne4 9. Bd3 Nxc3 10.
bxc3 b6 11. cxb6 axb6 12. O-O Ba6 13. a4 Nc6 14. Re1 Bxd3 15. Qxd3 e6 16. Qb5 Na5 17. Be5 Nc4 18. Bxg7 Kxg7 19. Ne5 Nxe5 20. Rxe5 Qc7 21. Re3 Ra5 22. Qb4 Rfa8 23. h4 h5 24. g3 b5 25.
Ree1 Rxa4 26. Rxa4 bxa4 27. Ra1 Qc4 28. Qxc4 dxc4 29.
Kg2 Kf6 30. f4 Kf5 31. Kf3 a3 32. Ra2 Ra5 33. Ke3 Kg4 34. Kf2 Ra6 35. Kg2 Rb6 36. Rxa3 Rb2+ 37. Kf1 Kxg3 38. Ra4 Rf2+ 39. Ke1 Rxf4 40.
Rxc4 g5 41. Rc5 Rf5 42. Rxf5 exf5 43. d5 gxh4 44. d6 h3 45. d7 h2 46. d8=Q h1=Q+ 47. Kd2 Qg2+ 48. Kd1 Qf3+ 49. Kc2 Qe4+ 50. Kb2 Qe2+ 51.
Kb3 Qe6+ 52. c4 Qe3+ 53. Kb4 h4 54. Qg8+ Kh2 55. Qxf7 Qe1+ 56. Kb5 Qb1+ 57. Kc6 h3 58. c5 Kg2 59. Qg6+ Kf1 60. Qh5 Qe4+ 61. Kb6 Kg2 62. Qg5+ Qg4 63. Qd2+ Kg3 64. Qe1+ Kf4 65. Qd2+ Kf3 66.
c6 Qe4 67. c7 Qe6+ 68. Ka7 Qe7 69. Qc3+ Kg2 70. Qc2+ Kg3 71. Qc3+ Kg2 72. Ka8 h2 73. Qc2+ Kg3 74. Qc3+ 1-0

[Event "Early-Titled-Tuesday-Blitz-April-16-2024"]
[Site "Chess.com"]
[Date "2024.04.16"]
[Round "8"]
[White "Lion-Al-Messi"]
[Black "emeli_chess"]
[Result "1/2-1/2"]
[WhiteElo "2573"]
[BlackElo "2465"]
[TimeControl "180+1"]
[EndTime "9:33:02 PDT"]
[Termination "Game drawn - insufficient material"]

1. e4 e5 2. Nf3 Nc6 3. Bb5 a6 4.
Ba4 Nf6 5. O-O Nxe4 6. d4 b5 7. Bb3 d5 8. dxe5 Be6 9. Nbd2 Bc5 10. Nxe4 dxe4 11. Ng5 Qxd1 12. Rxd1 Nxe5 13. Bxe6 fxe6 14. Nxe6 Bb6 15. Bf4 Kf7 16. Ng5+ Kg6 17. Nxe4 Rhe8 18. Rd5 Nc4 19. Ng3 Nxb2 20. Rd7 Rad8 21. Rxd8 Rxd8 22.
h4 Rd1+ 23. Rxd1 Nxd1 24. h5+ Kf6 25. Kf1 Nxf2 26. Ke2 Ng4 27. Bd2 g6 28. Ne4+ Kf5 29. Ng3+ Ke5 30. Kf3 Nf6 31. hxg6 hxg6 32. Bc3+ Ke6 33.
Ne2 Nd5 34. Bd2 Ke5 35. g4 c5 36. Be1 c4 37. Bg3+ Ke6 38. Ke4 Nf6+ 39. Kf3 Nd5 40. Ke4 Nb4 41. Nf4+ Kf7 42. Nd5 Nxd5 43. Kxd5 Kf6 44.
Bf4 Bf2 45. Kc6 Ke6 46. Kb7 Kd5 47. Kxa6 Kc6 48. Bd2 Bb6 49. Ba5 Bc5 50. Be1 Bb6 51. Bg3 Bd8 52. Bf2 Bc7 53. Bd4 Bd8 54. Ka7 Bc7 55. Bc3 Bb6+ 56. Kb8 Bc5 57. Kc8 b4 58. Bd2 Kb5 59. Kd7 Ka4 60. Bc1 b3 61. axb3+ cxb3 62. cxb3+ Kxb3 63. Ke6 Kc4 64. Kf6 Kd5 65. Kxg6 Ke6 66.
Kh7 Be7 67. Bb2 Kf7 68. Bc3 Bd8 69. Bd4 Be7 70. Bg7 Bd8 71. Be5 Be7 72. Bf4 Bd8 73. Kh6 Be7 74. Bg5 Bxg5+ 75. Kxg5 Kg7 76. Kf5 Kf7 77. Kg5 Kg7 78. Kf5 Kf7 79. Kf4 Kg6 80. g5 Kg7 81. g6 Kxg6 1/2-1/2

[Event "Early-Titled-Tuesday-Blitz-April-16-2024"]
[Site "Chess.com"]
[Date "2024.04.16"]
[Round "8"]
[White "klercaku"]
[Black "N_I_Chess"]
[Result "1-0"]
[WhiteElo "2226"]
[BlackElo "2377"]
[TimeControl "180+1"]
[EndTime "9:33:06 PDT"]
[Termination "klercaku won on time"]

1. e4 Nf6 2. e5 Nd5 3. c4 Nb6 4. d4 d6 5. exd6 cxd6 6. Nf3 g6 7.
b3 Bg7 8. Nc3 O-O 9. Be2 Bf5 10.
O-O d5 11. c5 Nc8 12. Be3 Nc6 13. Rc1 e6 14. Qd2 Bg4 15. h3 Bxf3 16. Bxf3 N8e7 17.
a3 Nf5 18. Ne2 a5 19. g3 Qf6 20.
Bg5 Nfxd4 21. Bg4 Nxe2+ 22. Bxe2 Qb2 23. Rc2 Qxa3 24. Qe3 Qb4 25. g4 Nd4 26. Rd2 Nxb3 27. Rd3 a4 28. Be7 Rfe8 29. Bd6 Rad8 30. Qg3 Qa5 31.
Bc7 Qxc5 32. Bxd8 Rxd8 33. Rf3 Qd6 34. Qxd6 Rxd6 35. Bb5 Nc5 36. Rc3 b6 37. Ra3 d4 38.
Ra2 d3 39. Bxa4 Nxa4 40. Rxa4 d2 41. Rd1 Bc3 42. Ra2 Ba5 43. Rc2 Kg7 44. Kf1 h6 45.
Ke2 g5 46. f3 Kf6 47. Rb2 Rd4 48. Rb5 Rd5 49. Rxd5 exd5 50. Kd3 Ke5 51. Ke3 d4+ 52. Ke2 Kf4 53. Kf2 d3 54. Ra1 Bc3 55. Rd1 b5 56.
Rb1 b4 57. Rd1 b3 58. Rb1 b2 59. Rd1 Ke5 60. Rb1 Kd4 61. Rd1 Kc4 62. Ke3 f6 63. Ke4 Kb3 64. Kxd3 Bb4 65. Rb1 Ka2 66. Kc2 Ba3 67. Rd1 Bb4 68. Rb1 Bc3 69. Rd1 1-0

[Event "Early-Titled-Tuesday-Blitz-April-16-2024"]
[Site "Chess.com"]
[Date "2024.04.16"]
[Round "8"]
[White "zverr1"]
[Black "Hercog"]
[Result "1/2-1/2"]
[WhiteElo "2509"]
[BlackElo "2160"]
[TimeControl "180+1"]
[EndTime "9:33:09 PDT"]
[Termination "Game drawn - insufficient material"]

1. e4 c6 2. d4 d5 3. Nc3 dxe4 4. Nxe4 Bf5 5. Ng3 Bg6 6. h4 h6 7. N1e2 e6 8. Nf4 Bh7 9. Nfh5 Nf6 10. Bc4 Nbd7 11. c3 Bg6 12. Bf4 Nxh5 13. Nxh5 Bxh5 14. Qxh5 Nf6 15. Qf3 Bd6 16. O-O Bxf4 17. Qxf4 O-O 18. a4 Nd5 19. Bxd5 Qxd5 20. Rfe1 Rfd8 21. b4 a5 22. bxa5 Qxa5 23. Re3 Rd7 24. Rg3 Qh5 25.
Re3 Ra5 26. g3 Qg6 27. Rf3 Rf5 28. Qb8+ Kh7 29. Rxf5 Qxf5 30. Qe5 Qxe5 31. dxe5 Rd5 32. Rb1 Kg6 33. Rxb7 Rxe5 34. Rb4 Rc5 35. c4 Ra5 36.
Rb6 Rxa4 37. Rxc6 Ra2 38. Rc7 Rc2 39. Kg2 h5 40. Kf3 f6 41. Rc6 e5 42. Rc7 Kh6 43.
Ke3 Kg6 44. c5 Kf5 45. c6 g5 46. Kd3 Rc1 47. Kd2 Rc5 48. hxg5 fxg5 49. Ke3 Rc3+ 50. Kd2 Rc5 51. Kd3 h4 52. gxh4 gxh4 53. Rc8 Kg4 54.
c7 Kh3 55. Ke4 Kh2 56. Rh8 Rxc7 57. Rxh4+ Kg2 58. Rh5 Rc4+ 59. Ke3 Rc3+ 60. Ke4 Rc4+ 61. Kd3 Rf4 62. Ke3 Rxf2 63. Rxe5 Ra2 64. Rg5+ Kh3 65. Re5 Ra3+ 66. Kf4 Ra4+ 67. Kf5 Kh4 68. Rb5 Rc4 69. Kf6 Rc6+ 70. Kf5 Rc4 71. Ra5 Rb4 72. Ra3 Rc4 73.
Ke5 Rb4 74. Kd5 Kg4 75. Rd3 Kf4 76. Rd4+ Rxd4+ 77. Kxd4 1/2-1/2

[Event "Early-Titled-Tuesday-Blitz-April-16-2024"]
[Site "Chess.com"]
[Date "2024.04.16"]
[Round "8"]
[White "Slovineanu"]
[Black "BenchGM"]
[Result "1-0"]
[WhiteElo "2505"]
[BlackElo "2323"]
[TimeControl "180+1"]
[EndTime "9:33:12 PDT"]
[Termination "Slovineanu won on time"]

1. d4 Nf6 2. Nf3 d5 3. c4 e6 4. e3 c5 5. cxd5 Nxd5 6. e4 Nf6 7. Nc3 cxd4 8. Nxd4 e5 9. Ndb5 Qxd1+ 10. Kxd1 Na6 11. Bc4 Bc5 12. Ke2 O-O 13. Bg5 Be6 14. Bxe6 fxe6 15.
f3 h6 16. Be3 Bxe3 17. Kxe3 Nb4 18. Rac1 Rf7 19. Rhd1 a6 20. Nd6 Rd7 21. Nc4 Rad8 22.
Rxd7 Nxd7 23. Rd1 Nc6 24. a4 Kf8 25. g3 Ke7 26. f4 Nd4 27. Rd2 Nb3 28. Rd6 exf4+ 29.
gxf4 Rc8 30. Rxd7+ Kxd7 31. Nb6+ Kc7 32. Nxc8 Kxc8 33. e5 Kc7 34. Kd3 Nc5+ 35. Kc4 Kc6 36. b4 Nd7 37. b5+ Kb6 38. Ne4 g6 39. h4 Ka5 40. bxa6 bxa6 41. Nc5 Nxc5 42. Kxc5 Kxa4 43.
Kd6 Kb3 44. Kxe6 a5 45. Kf7 a4 46. e6 a3 47. e7 a2 48. e8=Q a1=Q 49. Qe6+ Kc2 50.
Kxg6 Qg1+ 51. Kxh6 Qg3 52. Qe4+ Kd2 53. h5 Qg8 54.
Qd4+ Ke2 55. Qe5+ Kf3 56. f5 Kg4 57. Qe4+ Kg3 58. f6 Qf8+ 59. Kg6 Qg8+ 60. Kf5 Qh7+ 61.
Ke5 Qc7+ 62. Ke6 Qc8+ 63. Kf7 Qd7+ 64. Qe7 Qd5+ 65. Kf8 Qxh5 66. Qd6+ Kg4 67. Qd1+ Kg5 68. Qxh5+ Kxh5 69. f7 Kg6 70. Ke8 Kg7 71. f8=Q+ Kh7 72. Qf3 Kg7 73. Ke7 Kg6 74. Qg4+ Kh7 75. Kf7 1-0

[Event "Early-Titled-Tuesday-Blitz-April-16-2024"]
[Site "Chess.com"]
[Date "2024.04.16"]
[Round "8"]
[White "Durarbayli"]
[Black "FREDERICKtheMATE"]
[Result "1-0"]
[WhiteElo "2877"]
[BlackElo "2693"]
[TimeControl "180+1"]
[EndTime "9:33:17 PDT"]
[Termination "Durarbayli won by checkmate"]

1. e4 c5 2. Nf3 Nc6 3. Bb5 g6 4. O-O Bg7 5. c3 e5 6. d4 cxd4 7. cxd4 exd4 8. Bf4 a6 9. Ba4 Nge7 10. Bd6 b5 11. Bb3 Bb7 12. Re1 Nc8 13. e5 Nxd6 14. exd6+ Kf8 15. Nbd2 Na5 16. Re7 Qxe7 17. dxe7+ Kxe7 18.
Qe2+ Kf8 19. Ne5 d5 20. Ndf3 Nc4 21. Re1 d3 22. Nxd3 Bf6 23. Nc5 Bc6 24. Ne6+ Kg8 25. Ned4 Bd7 26. Bxc4 dxc4 27. Ne5 Re8 28. f4 Kg7 29.
Qf2 Bc8 30. h3 h5 31. Ndf3 Re7 32. Qc5 Rhe8 33. Rf1 Bb7 34. Ng5 Bxg5 35. Nxg6 fxg6 36. fxg5 Re2 37. Qd4+ Kg8 38. Rf2 Rxf2 39. Kxf2 Be4 40. Qb6 Bd3 41. Kg1 Re1+ 42. Kh2 Re2 43. Qd4 Be4 44. Kg3 Rxg2+ 45. Kf4 Re2 46. Qd8+ Kf7 47.
Qc7+ Kg8 48. Qc8+ Kf7 49. Qxa6 Bf5 50. Qb7+ Kg8 51. Qb8+ Kf7 52. Qb7+ Kg8 53. Qxb5 Re4+ 54. Kf3 Rd4 55. Ke3 Rd3+ 56. Kf2 Rxh3 57. Qxc4+ Kh7 58. Qc7+ Kh8 59. b4 Ra3 60. Qe5+ Kh7 61. Qb2 Ra7 62. b5 Be4 63. b6 Rf7+ 64. Kg1 Bb7 65. a4 Rf5 66.
Qd2 Rd5 67. Qe3 Rd1+ 68. Kf2 Rd7 69. a5 Rf7+ 70. Kg1 Ba6 71. Qe6 Kg7 72. Qe5+ Kh7 73. Qe6 Kg7 74. Qd6 Bb7 75. Qd4+ Kh7 76. Qd3 Rf5 77.
a6 Rxg5+ 78. Kf2 Rf5+ 79. Qxf5 gxf5 80. axb7 h4 81. b8=Q h3 82. Qh2 Kg6 83. b7 Kf7 84.
b8=Q Ke6 85. Qbe5+ Kd7 86. Qc7+ Ke6 87. Qhe5# 1-0

[Event "Early-Titled-Tuesday-Blitz-April-16-2024"]
[Site "Chess.com"]
[Date "2024.04.16"]
[Round "8"]
[White "Rosh1610"]
[Black "Karttunen"]
[Result "1-0"]
[WhiteElo "2481"]
[BlackElo "2680"]
[TimeControl "180+1"]
[EndTime "9:33:19 PDT"]
[Termination "Rosh1610 won on time"]

1. e4 e5 2. Nf3 Nf6 3. Nc3 Nc6 4. Bb5 Bd6 5. O-O O-O 6. d3 Re8 7. Ne2 Bf8 8. c3 d6 9. Ng3 g6 10. h3 Bg7 11. Nh2 d5 12. Bg5 h6 13. Bxf6 Bxf6 14.
exd5 Qxd5 15. Bc4 Qd7 16. Ng4 Bg7 17. Ne4 Qe7 18. Qd2 Kh7 19. Nef6+ Bxf6 20. Qxh6+ Kg8 21.
Qxg6+ Bg7 22. Bxf7+ Kf8 23. Bxe8 Qxe8 24. Qxe8+ Kxe8 25. Ne3 Be6 26. b3 Rd8 27. Rad1 a5 28. Rfe1 Kf7 29.
Nc4 b5 30. Nd2 b4 31. Ne4 Kg8 32. c4 Nd4 33. Ng3 a4 34. Ne2 Nc2 35. Rf1 Bf5 36.
Rd2 Na3 37. Ng3 Bg6 38. bxa4 c5 39. Rdd1 Ra8 40. f4 exf4 41. Rxf4 Rxa4 42. Rg4 Kh7 43. Ne4 Bd4+ 44. Kh1 Nc2 45. Ng5+ Kh6 46. Ne6 Ne3 47.
Rh4+ Bh5 48. Rd2 Bf6 49. Rf4 Bc3 50. Rdf2 b3 51. axb3 Ra1+ 52. Kh2 Be5 53. g3 Bxf4 54. Nxf4 Bd1 55. g4 Bxb3 56. Kg3 Rd1 57. Kh4 Rg1 58. Rf3 Ng2+ 59. Nxg2 Rxg2 60. Rf6+ Kg7 61. Rf5 Bc2 62. Rxc5 Bxd3 63. Kg5 Rc2 64. Rc7+ Kf8 65.
c5 Be2 66. Kf6 Ke8 67. g5 Bh5 68. g6 Rf2+ 69. Kg7 Rg2 70. Rc6 Ke7 71. Kh7 Rh2 72.
g7 Bf7 73. Rh6 Rg2 74. Rc6 Rg3 75. h4 Rh3 76. Rc7+ Ke6 77. Rxf7 Rxh4+ 78. Kg8 1-0

[Event "Early-Titled-Tuesday-Blitz-April-16-2024"]
[Site "Chess.com"]
[Date "2024.04.16"]
[Round "8"]
[White "OparinGrigoriy"]
[Black "Aradhya2000"]
[Result "1-0"]
[WhiteElo "3000"]
[BlackElo "2787"]
[TimeControl "180+1"]
[EndTime "9:33:21 PDT"]
[Termination "OparinGrigoriy won by checkmate"]

1. d4 d5 2. Nf3 Nf6 3. c4 c6 4.
Nc3 dxc4 5. a4 Bf5 6. e3 e6 7.
Bxc4 Bb4 8. O-O O-O 9. Qe2 Ne4 10.
Nxe4 Bxe4 11. Ne5 Nd7 12. Nxd7 Qxd7 13. b3 a5 14. Bb2 Rfd8 15. Rfd1 Qe7 16. f3 Bg6 17. e4 Rd7 18. Qe3 Rad8 19. Be2 f5 20. e5 c5 21. Kh1 cxd4 22. Rxd4 Rxd4 23. Bxd4 Qd7 24. Bb6 Qd2 25. h4 f4 26. Qxd2 Rxd2 27. Bc4 Bf5 28. Rf1 Bc3 29. Kh2 Kf7 30. Rf2 Rxf2 31.
Bxf2 Bxe5 32. Bb6 Bc3 33. Kg1 Ke7 34. Kf2 e5 35. Bc5+ Kd7 36. Ke2 Bd4 37. Bf8 g6 38. Bd3 Be6 39. Bc4 Bf5 40. Bd3 Kc6 41. Be7 Kd5 42. Bc4+ Kc6 43. Bd3 Bxd3+ 44. Kxd3 Kd5 45.
Bd8 b6 46. Be7 Bf2 47. Bd8 Be1 48. Bxb6 Bxh4 49. Bxa5 Bf2 50. Bd8 h6 51. b4 g5 52.
a5 g4 53. a6 gxf3 54. gxf3 Kc6 55. Ke4 Kb5 56. Kxe5 Kxa6 57. Be7 Be3 58. Kf5 Kb5 59. Kg6 Kc4 60. Kxh6 Kd3 61. Kg5 Ke2 62. Kg4 Kf2 63. Bd6 Bd2 64. b5 Ke2 65. b6 Be3 66. b7 Ba7 67. b8=Q Bxb8 68. Bxb8 Kd3 69. Bxf4 Kc4 70.
Kf5 Kd5 71. Bh6 Kc6 72. f4 Kd7 73. Kg6 Ke8 74. f5 Ke7 75. f6+ Ke6 76. f7 Ke5 77. f8=Q Ke4 78. Qf4+ Kd3 79. Qe3+ Kc2 80. Qg5 Kb3 81.
Qc5 Ka2 82. Qb6 Ka3 83. Kf5 Ka4 84. Ke4 Ka3 85. Kd3 Ka4 86. Kc2 Ka3 87. Qa5# 1-0

[Event "Early-Titled-Tuesday-Blitz-April-16-2024"]
[Site "Chess.com"]
[Date "2024.04.16"]
[Round "8"]
[White "Predator0608"]
[Black "sokidze"]
[Result "0-1"]
[WhiteElo "2572"]
[BlackElo "2805"]
[TimeControl "180+1"]
[EndTime "9:33:23 PDT"]
[Termination "sokidze won on time"]

1. e4 c5 2. Nf3 e6 3. d4 cxd4 4. Nxd4 Nc6 5. Nc3 Qc7 6. Be3 a6 7. Be2 Nf6 8. O-O Be7 9. f4 d6 10. Bf3 O-O 11. Kh1 Na5 12. Qe2 Rb8 13. Rae1 b5 14.
g4 Bb7 15. g5 Nd7 16. Rg1 Nc4 17. Bc1 Nc5 18. f5 exf5 19. exf5 Ne5 20. Bxb7 Qxb7+ 21. Qg2 Bd8 22. f6 g6 23. Nd5 Re8 24. Bf4 Ne6 25.
Bxe5 dxe5 26. Rxe5 Bc7 27. Nxc7 Qxc7 28. Re4 Nxd4 29. Rxd4 h5 30. gxh6 Kh7 31. Rg4 Rbd8 32. c3 Re6 33. Rf1 Rde8 34. h4 Re2 35. Qg3 Qc6+ 36.
Qf3 Qd6 37. Rg3 R8e3 38. Qxe3 Rxe3 39. Rxe3 Qd5+ 40. Ref3 Qxa2 41. R1f2 Qd5 42. Kh2 Kxh6 43. Kh3 Qe6+ 44. Kg3 Kh5 45. Rf4 Qe3+ 46. R4f3 Qe5+ 47. Rf4 a5 48. Kh3 Qe6+ 49. Kg3 Qe3+ 50. R4f3 Qe1 51. Rf4 Qg1+ 52. Kh3 Qh1+ 53. Kg3 Qd5 54. R4f3 Qe5+ 55. Rf4 a4 56. Kh3 Qe6+ 57. Kg3 Qe1 58. Kh3 Qd1 59. Kg3 Qd3+ 60. R4f3 Qd5 61. Rf4 Qe5 62. Kh3 Kh6 63. Kg3 Qe6 64. R4f3 Kh5 65. Rf4 Qd7 66. R4f3 Qg4+ 67.
Kh2 Qe4 68. Rg3 Qe5 69. Kh3 Qe6+ 70. Kh2 Qe5 71. Kh3 Qe6+ 72. Kh2 Qd6 73. Kh3 Qc7 74.
Rgf3 Qc8+ 75. Kh2 Kxh4 76. Rg2 g5 77. Rfg3 Qc7 0-1